 Dungeon Crawl Stone Soup version 0.30-a0-719-gcc4359ea44 (webtiles) character file.

Game seed: 17552282310285082705

5766 Chiseanne the Zephyrmancer (level 10, -12/64 HPs)
             Began as a Demonspawn Hedge Wizard on Jan 26, 2023.
             Was an Initiate of Gozag.
             Mangled by a two-headed ogre
             ... wielding a +0 giant club
              (27 damage)
             ... on level 8 of the Dungeon.
             The game lasted 00:34:47 (12526 turns).

Chiseanne the Zephyrmancer (DsHW)                  Turns: 12526, Time: 00:34:47

Health: -12/64     AC: 15    Str: 10    XL:     10   Next: 49%
Magic:  4/18       EV: 16    Int: 22    God:    Gozag
Gold:   419        SH:  4    Dex: 14    Spells: 9/20 levels left

rFire   . . .      SeeInvis .    a - +1 dagger (venom)
rCold   . . .      Faith    .    (no shield)
rNeg    . . .      Spirit   .    D - +0 robe of the Rose {Int+3}
rPois   .          Reflect  .    c - +0 hat
rElec   .          Harm     .    b - +1 cloak of Starlight {*Dazzle EV+4 Stlth--}
rCorr   .          Rampage  .    K - +0 pair of gloves
Will    .....                    (no boots) Stlth
                                 (no amulet)
HPRegen 0.30/turn                m - +4 ring of protection
MPRegen 0.16/turn                (no ring)

@: no status effects
A: hooves 2, rugged brown scales 1, foul stench 1, icemail 1, condensation
shield
a: Renounce Religion, Potion Petition, Call Merchant, Bribe Branch


You were on level 8 of the Dungeon.
You worshipped Gozag.
Gozag was aware of your devotion.
You visited 2 branches of the dungeon, and saw 10 of its levels.

You collected 2603 gold pieces.
You spent 1300 gold pieces at shops.
You paid 884 gold pieces to Gozag.

Inventory:

Hand Weapons
 a - a +1 dagger of venom (weapon)
 s - a +1 hand axe of electrocution
 C - a +3 flail of protection
 G - a +2 broad axe of pain
Missiles
 h - 17 boomerangs
 r - 9 poisoned darts (quivered)
 H - 3 javelins
Armour
 b - the +1 cloak of Starlight (worn) {*Dazzle EV+4 Stlth--}
   (You bought it in a shop on level 6 of the Dungeon)

   *Dazzle:   It may blind those who miss an attack against the wearer in melee
   combat.
   EV:        It affects your evasion (+4).
   Stlth:     It makes you much less stealthy.
 c - a +0 hat (worn)
 p - a +2 ring mail of poison resistance
 x - a +0 ring mail of poison resistance
 D - the +0 robe of the Rose (worn) {Int+3}
   (You bought it in a shop on level 6 of the Dungeon)

   Int:       It affects your intelligence (+3).
 F - the +6 scale mail "Pist" {rPois rN+ rCorr}
   (You found it on level 8 of the Dungeon)

   rPois:     It protects you from poison.
   rN:        It protects you from negative energy.
   rCorr:     It protects you from acid and corrosion.
 K - a +0 pair of gloves (worn)
 L - a +0 buckler
 M - the +1 ring mail "Yrpham" {Int+7}
   (You bought it in a shop on level 6 of the Dungeon)

   Int:       It affects your intelligence (+7).
Magical Staves
 v - a staff of air
 J - a staff of cold
Jewellery
 g - a ring of flight
 m - a +4 ring of protection (left hand)
 n - a ring of fire
Wands
 A - a wand of roots (8)
Scrolls
 i - a scroll of magic mapping
 k - 3 scrolls of teleportation
 y - a scroll of blinking
 B - 2 scrolls of poison
 I - a scroll of amnesia
Potions
 d - 3 potions of magic
 e - 2 potions of mutation
 f - 2 potions of haste
 j - 3 potions of heal wounds
 l - 2 potions of berserk rage
 o - 5 potions of curing
 q - 4 potions of brilliance
 t - a potion of lignification {unknown}
 u - a potion of flight {unknown}
 w - 2 potions of degeneration {unknown}
 z - a potion of invisibility {unknown}
 E - a potion of ambrosia


   Skills:
 * Level 6.2 Armour
 - Level 1.7 Dodging
 - Level 1.7 Stealth
 - Level 5.8 Spellcasting
 - Level 5.4 Conjurations
 - Level 1.0 Summonings
 - Level 0.8 Translocations
 - Level 8.2 Air Magic
 - Level 7.1 Earth Magic


You had 9 spell levels left.
You knew the following spells:

 Your Spells              Type           Power      Damage    Failure   Level
a - Magic Dart            Conj           100%       1d8       1%          1
b - Stone Arrow           Conj/Erth      68%        3d11      1%          3
c - Passwall              Tmut/Erth      18%        N/A       3%          2
d - Mephitic Cloud        Conj/Pois/Air  26%        N/A       4%          3
g - Blink                 Tloc           20%        N/A       10%         2

Your spell library contained the following spells:

 Spells                   Type           Power      Damage    Failure   Level
 Sandblast                Erth           74%        2d16      1%          1
 Cigotuvi's Dreadful Rot  Necr/Pois/Air  36%        N/A       4%          2
 Summon Small Mammal      Summ           40%        N/A       6%          1
 Necrotise                Necr           24%        1d5       10%         1
 Slow                     Hex            24%        N/A       10%         1
 Call Imp                 Summ           10%        N/A       10%         2
 Sublimation of Blood     Necr           6%         N/A       14%         2
 Wereblood                Tmut           6%         N/A       14%         2
 Call Canine Familiar     Summ           10%        N/A       19%         3
 Summon Guardian Golem    Hex/Summ       8%         N/A       22%         3
 Tukima's Dance           Hex            6%         N/A       28%         3
 Vampiric Draining        Necr           6%         2d6       28%         3
 Passage of Golubria      Tloc           10%        N/A       54%         4
 Agony                    Necr           6%         N/A       95%         5
 Yara's Violent Unravell  Hex/Tmut       3%         3d4       95%         5
 Malign Gateway           Summ/Tloc      5%         N/A       100%        7
 Summon Hydra             Summ           5%         N/A       100%        7
 Summon Horrible Things   Summ           5%         N/A       100%        8


Dungeon Overview and Level Annotations

Branches:
Dungeon (9/15)             Temple (1/1) D:6
   Lair: D:8-11         Orc: D:9-12

Altars:
Ashenzari
Dithmenos
Fedhas
Gozag
Hepliaklqana
Kikubaaqudgha
Makhleb
Nemelex Xobeh
Okawaru
Qazlal
Ru
Sif Muna
Trog
Uskayaw
Vehumet
Wu Jian
Xom
Yredelemnul

Shops:
D:6 [


Innate Abilities, Weirdness & Mutations

You have hoof-like feet.
You are partially covered in rugged brown scales. (AC +1, +3% HP)
You may rarely emit foul miasma when damaged in melee.
A meltable icy envelope protects you from harm. (AC +4)
A meltable shield of frost defends you. (SH +4)


Message History

The two-headed ogre is engulfed in noxious fumes.
Casting: Stone Arrow (safe; 1% risk of failure)
Confirm with . or Enter, or press ? or * to list all spells.
Aiming: Stone Arrow (safe; 1% risk of failure)
Press: ? - help, Shift-Dir - straight line, f/p - two-headed ogre
Aim: a two-headed ogre, wielding a +0 giant club and a +0 giant spiked club (moderately wounded, confused, 98% to hit)
The stone arrow hits the two-headed ogre!
The two-headed ogre is heavily wounded.
The two-headed ogre is no longer distracted by gold.
The two-headed ogre is distracted by your dazzling golden aura.
Casting: Stone Arrow (safe; 1% risk of failure)
Confirm with . or Enter, or press ? or * to list all spells.
Aiming: Stone Arrow (safe; 1% risk of failure)
Press: ? - help, Shift-Dir - straight line, f/p - two-headed ogre
Aim: a two-headed ogre, wielding a +0 giant club and a +0 giant spiked club (heavily wounded, confused, unaware, hasn't noticed you, 98% to hit)
The stone arrow hits the two-headed ogre!
The two-headed ogre is heavily wounded.
The two-headed ogre is no longer distracted by gold.
The two-headed ogre shouts in stereo!
The two-headed ogre seems less confused.
The two-headed ogre hits you with a +0 giant club!!
The two-headed ogre barely misses you.
The two-headed ogre hits you with a +0 giant club.
The two-headed ogre hits you with a +0 giant spiked club!
The two-headed ogre hits you with a +0 giant club.
* * * LOW HITPOINT WARNING * * *
The two-headed ogre hits you with a +0 giant spiked club.
* * * LOW HITPOINT WARNING * * *
Casting: Stone Arrow (safe; 1% risk of failure)
Confirm with . or Enter, or press ? or * to list all spells.
Aiming: Stone Arrow (safe; 1% risk of failure)
Press: ? - help, Shift-Dir - straight line, f/p - two-headed ogre
Aim: a two-headed ogre, wielding a +0 giant club and a +0 giant spiked club (heavily wounded, 88% to hit)
The stone arrow hits the two-headed ogre!
The two-headed ogre is severely wounded.
The two-headed ogre closely misses you. x2
The two-headed ogre closely misses you.
The two-headed ogre hits you with a +0 giant spiked club!!
You die...
Your body crumbles into a pile of gold.

##.#####.............# ...#
###..##...#####
.#########..#....#
.....<.[)([......#
########)#..#$#..# # #.#.......#
# #.#.##.#..# # #......#.O#####
#### ###.##...@....# ...##
######..###<# ###### ##..####
#..# #.# #....#
###....########..# #.###.##.####
.................###.....##....#
######..#######.............##.#
### ##......##..#..........##.#
..# ######..#..#.#.###.#.....#
### ##....#.#.###.#..##.#


You could see a two-headed ogre.

Vanquished Creatures
  A two-headed ogre (D:8)
  Joseph (D:8)
  Maggie (D:8)
  A komodo dragon (D:7)
  A wraith (D:8)
  2 steam dragons
  Eustachio (D:6)
  Edmund (D:6)
  An acid dragon (D:8)
  3 water moccasins
  4 orc warriors
  2 ice beasts
  An ogre (D:6)
  2 centaurs (D:8)
  Blork the orc (D:4)
  2 kobold brigands
  8 bullfrogs
  4 necrophages
  A gnoll sergeant (D:8)
  A wight (D:7)
  7 killer bees
  5 howler monkeys
  A hound (D:4)
  6 orc priests
  A gnoll bouda (D:5)
  A jelly (D:5)
  Jessica (D:3)
  8 iguanas
  Terence (D:3)
  5 orc wizards
  9 gnolls
  4 adders
  A white imp (D:5)
  2 ufetubi
  2 worms (D:4)
  3 dart slugs
  32 orcs
  4 bats
  6 endoplasms
  2 giant cockroaches
  10 goblins
  9 hobgoblins
  8 jackals
  3 quokkas
  6 ball pythons
  11 kobolds
  8 rats
195 creatures vanquished.

Notes
Turn   | Place    | Note
-------+----------+-------------------------------------------
     0 | D:1      | Chiseanne the Demonspawn Hedge Wizard began the quest for
                  | the Orb.
     0 | D:1      | Reached XP level 1. HP: 13/13 MP: 4/4
   347 | D:1      | Gained mutation: A meltable shield of frost defends you.
                  | (SH +4) [demonic ancestry]
   347 | D:1      | Reached XP level 2. HP: 19/19 MP: 1/6
  1027 | D:1      | Found a faded altar of an unknown god.
  1032 | D:1      | You fall into a shaft and drop 1 floor!
  1268 | D:1      | Gained mutation: You are partially covered in rugged brown
                  | scales. (AC +1, +3% HP) [demonic ancestry]
  1268 | D:1      | Reached XP level 3. HP: 13/24 MP: 1/8
  1829 | D:2      | Found a hide-covered altar of Uskayaw.
  2387 | D:3      | Noticed Terence
  2396 | D:3      | Noticed Jessica
  2401 | D:3      | Killed Jessica
  2402 | D:3      | Reached XP level 4. HP: 26/30 MP: 6/10
  2572 | D:4      | Learned a level 2 spell: Blink
  2576 | D:4      | Learned a level 3 spell: Mephitic Cloud
  2901 | D:4      | Gained mutation: You may rarely emit foul miasma when
                  | damaged in melee. [demonic ancestry]
  2901 | D:4      | Reached XP level 5. HP: 30/36 MP: 3/11
  3020 | D:4      | Reached skill level 1 in Air Magic
  3128 | D:3      | Killed Terence
  3392 | D:3      | Found a shadowy altar of Dithmenos.
  3394 | D:3      | Identified a scroll of acquirement
  3394 | D:3      | Acquired 707 gold pieces
  3534 | D:3      | Noticed an ice beast
  4060 | D:4      | Noticed Blork the orc
  4073 | D:4      | Killed Blork the orc
  4074 | D:4      | Reached XP level 6. HP: 25/42 MP: 4/13
  4278 | D:4      | Reached skill level 2 in Air Magic
  4902 | D:4      | Acquired 807 gold pieces
  4986 | D:5      | Entered Level 5 of the Dungeon
  5055 | D:5      | Reached skill level 5 in Spellcasting
  5149 | D:5      | Noticed an ice beast
  5164 | D:5      | Killed an ice beast
  5180 | D:5      | Gained mutation: You have large cloven feet. [demonic
                  | ancestry]
  5180 | D:5      | Reached XP level 7. HP: 47/47 MP: 8/14
  5264 | D:5      | Reached skill level 3 in Air Magic
  5375 | D:5      | Reached skill level 5 in Conjurations
  5939 | D:6      | Learned a level 3 spell: Stone Arrow
  5942 | D:6      | Learned a level 2 spell: Passwall
  6065 | D:6      | Reached skill level 1 in Earth Magic
  6152 | D:6      | Noticed a steam dragon
  6173 | D:6      | Killed a steam dragon
  6174 | D:6      | Reached skill level 4 in Air Magic
  6174 | D:6      | Gained mutation: You have hoof-like feet. [demonic
                  | ancestry]
  6174 | D:6      | Reached XP level 8. HP: 50/53 MP: 13/16
  6213 | D:6      | Noticed Edmund
  6540 | D:5      | Found a blossoming altar of Fedhas.
  6554 | D:5      | Found a shimmering blue altar of Sif Muna.
  6984 | D:6      | Noticed Eustachio
  6995 | D:6      | Killed Eustachio
  7057 | D:6      | Found a sacrificial altar of Ru.
  7109 | D:6      | Reached skill level 5 in Air Magic
  7195 | D:6      | Killed Edmund
  7403 | D:6      | Found an iron altar of Okawaru.
  7548 | D:6      | Found a staircase to the Ecumenical Temple.
  7561 | Temple   | Entered the Ecumenical Temple
  7604 | Temple   | Became a worshipper of Gozag Ym Sagoz the Greedy
  7691 | D:6      | Bought a twisted robe for 136 gold pieces
  7691 | D:6      | Identified the +0 robe of the Rose {Int+3} (You bought it
                  | in a shop on level 6 of the Dungeon)
  7704 | D:6      | Bought the +1 cloak of Starlight {*Dazzle EV+4 Stlth--} for
                  | 732 gold pieces
  7704 | D:6      | Found the +1 cloak of Starlight {*Dazzle EV+4 Stlth--}
  7994 | D:7      | Noticed a komodo dragon
  8019 | D:7      | Killed a komodo dragon
  8020 | D:7      | Reached skill level 6 in Air Magic
  8020 | D:7      | Gained mutation: A meltable icy envelope protects you from
                  | harm. (AC +4) [demonic ancestry]
  8020 | D:7      | Reached XP level 9. HP: 58/58 MP: 0/17
  8215 | D:7      | Reached skill level 5 in Earth Magic
  8761 | D:6      | Bought a fine ring mail for 216 gold pieces
  8761 | D:6      | Identified the +2 ring mail of Liathacang {-Tele *Corrode
                  | rC++ Dex+3} (You bought it in a shop on level 6 of the
                  | Dungeon)
  9151 | D:7      | Reached skill level 7 in Air Magic
  9775 | D:8      | Noticed Joseph
  9786 | D:8      | Identified the +6 scale mail "Pist" {rPois rN+ rCorr}
  9791 | D:8      | Killed Joseph
  9915 | D:8      | Found a basalt altar of Yredelemnul.
  9916 | D:8      | Found a hide-covered altar of Uskayaw.
  9921 | D:8      | Noticed Maggie
  9944 | D:8      | Killed Maggie
  9945 | D:8      | Reached skill level 8 in Air Magic
 10303 | D:6      | Bought a jewelled ring mail for 216 gold pieces
 10303 | D:6      | Identified the +1 ring mail "Yrpham" {Int+7} (You bought it
                  | in a shop on level 6 of the Dungeon)
 10418 | D:8      | Reached skill level 1 in Armour
 10424 | D:8      | Noticed a two-headed ogre
 10425 | D:8      | Reached XP level 10. HP: 38/64 MP: 6/18
 11085 | D:8      | Killed a two-headed ogre
 11522 | D:8      | Reached skill level 5 in Armour
 11836 | D:9      | Noticed a two-headed ogre
 12301 | D:9      | Found the +4 skin of Zhor {*Englaciate rC+++ SInv}
 12526 | D:8      | Mangled by a two-headed ogre

Illustrated notes

Levels and vault maps discovered:
D:1:      scummos_arrival_star, layout_basic,
          shapermc_ecumenical_altar_flowoftime, dreamdust_mushroom_princess
D:2:      layout_loops_ring, basic_altar, st_stairs_10, kennysheep_pointless_box
D:3:      layout_rooms, mainiacjoe_overflow_catwalk, kennysheep_doodads,
          chequers_decorated_corner, lightli_corner_chamber, uniq_terence,
          uniq_jessica
D:4:      layout_basic, nicolae_concentric_dashed_squares_wild,
          kennysheep_cross_bottleneck, kennysheep_donut,
          kennysheep_windowed_goal, uniq_blork_the_orc
D:5:      layout_basic, mainiacjoe_overflow_catch_the_wave
D:6:      layout_rooms, okawaru_trees_2, nicolae_ru_path_of_blood,
          minmay_temple_entry_offerings, uniq_eustachio, uniq_edmund
D:7:      layout_basic, serial_curves, eino_curves_02, eino_curves_02,
          kennysheep_flooded_box, minmay_misc_feat_more_columns,
          minmay_misc_feat_hallway
D:8:      layout_basic, chequers_temple_overflow_statue_of_worship,
          minmay_alternating_orb, uniq_maggie, uniq_joseph
D:9:      layout_loops_ring, general_overflow_altar,
          hellmonk_guarded_unrand_zhor
Temple:   nicolae_temple_bog_church

Skill      XL: |  1  2  3  4  5  6  7  8  9 10 |
---------------+-------------------------------+-----
Conjurations   | 2 3 4 5 |  5.4
Spellcasting   | 4 5 |  5.8
Air Magic      | 1 2 4 6 8 |  8.2
Earth Magic    | 2 4 7 |  7.1
Armour         | 1 6 |  6.2
Dodging        | |  1.7
Stealth        | |  1.7
Summonings     | |  1.0
Translocations | |  0.8

Action                     |  1- 3 |  4- 6 |  7- 9 | 10-12 || total
---------------------------+-------+-------+-------+-------++-------
  Melee: Dagger            |    52 |    21 |   161 |    25 ||   259
         Hand axe          |     6 |       |       |       ||     6
         Kick              |       |       |    62 |    10 ||    72
  Throw: Dart              |       |       |     3 |       ||     3
   Cast: Magic Dart        |   104 |   125 |   192 |    64 ||   485
         Mephitic Cloud    |       |     3 |    36 |    19 ||    58
         Stone Arrow       |       |       |     6 |    36 ||    42
 Invoke: Call Merchant     |       |       |     1 |       ||     1
  Evoke: Wand              |       |     4 |     8 |     5 ||    17
    Use: Scroll            |     8 |     4 |     8 |     1 ||    21
         Potion            |       |       |       |     2 ||     2
   Stab: Confused          |       |     2 |     8 |       ||    10
         Invisible         |       |       |     2 |     2 ||     4
 Armour: Robe              |    16 |    15 |    46 |    19 ||    96
  Dodge: Dodged            |    62 |    15 |    92 |    93 ||   262
  Block: Other             |    14 |     5 |    17 |    14 ||    50

Table legend: (Time is in decaauts)
 A = Elapsed time spent in this place.
 B = Non-inter-level travel time spent in this place.
 C = Inter-level travel time spent in this place.
 D = Time resting spent in this place.
 E = Time spent auto-exploring this place.
 F = Levels seen in this place.
 G = Mean time per level.
                   A        B        C        D        E       F      G
               +--------+--------+--------+--------+--------+-----+--------+
         Total |  12565 |  11935 |    630 |   3344 |   6052 |  10 | 1256.5 |
       Dungeon |  12505 |  11890 |    615 |   3344 |   6026 |   9 | 1389.4 |
        Temple |     59 |     44 |     15 |      0 |     25 |   1 |   59.0 |
               +--------+--------+--------+--------+--------+-----+--------+

Top non-repeatable levels by time:
     D:7: 2219 daAuts
     D:8: 2149 daAuts
     D:4: 1846 daAuts
     D:5: 1529 daAuts
     D:2: 1247 daAuts
     D:6: 1208 daAuts
     D:1: 1102 daAuts
     D:3: 792 daAuts
     D:9: 411 daAuts
  Temple: 59 daAuts
